 Dungeon Crawl Stone Soup version 0.26-a0-597-gb535b0901c (webtiles) character file.

Game seed: 17998906593102609580

126 HoaS the Shield-Bearer (level 5, 0/41 HPs)
             Began as a Formicid Fighter on Aug 26, 2020.
             Succumbed to Crazy Yiuf's poison
             ... on level 2 of the Dungeon.
             The game lasted 00:02:47 (1631 turns).

HoaS the Shield-Bearer (Formicid Fighter)           Turns: 1631, Time: 00:02:48

Health: 0/41       AC:  6    Str: 22    XL:     5   Next: 31%
Magic:  5/5        EV:  8    Int:  7    God:
Gold:   100        SH:  0    Dex: 10    Spells: 4/4 levels left

rFire    . . .     SeeInvis +   a - +0 quarterstaff
rCold    . . .     Faith    .   c - +1 kite shield
rNeg     . . .     Spirit   .   b - +0 scale mail
rPois    .         Reflect  .   (helmet unavailable)
rElec    .         Harm     .   (no cloak)
rCorr    .                      (no gloves)
MR       .....                  (no boots)
Stlth    ..........             (no amulet)
HPRegen  0.13/turn              (no ring)
MPRegen  0.09/turn              (no ring)

@: confused, lethally poisoned (0 -> -5)
A: permanent stasis, dig shafts and tunnels, four strong arms, antennae 3
a: Dig, Shaft Self


You were on level 2 of the Dungeon.
You visited 1 branch of the dungeon, and saw 2 of its levels.

You collected 100 gold pieces.

Inventory:

Hand Weapons
 a - a +0 quarterstaff (weapon)
Armour
 b - a +0 scale mail (worn)
 c - a +1 kite shield (worn)
Scrolls
 e - a scroll of identify
Potions
 d - 2 potions of might
 g - 2 potions of flight
 h - 3 potions of curing
 i - a potion of lignification {unknown}
 j - a potion of heal wounds {unknown}
 n - a potion of experience {unknown}


   Skills:
 - Level 3.2 Fighting
 * Level 4.3 Staves
 - Level 3.2 Armour
 + Level 4.8 Shields


You had 4 spell levels left.
You didn't know any spells.
Your spell library contained the following spells:

 Spells                   Type           Power        Failure   Level
 Animate Skeleton         Necr           #.....       96%         1
 Pain                     Necr           #...         96%         1
 Vampiric Draining        Necr           #.........   100%        3
 Animate Dead             Necr           #.........   100%        4
 Agony                    Necr           #.......     100%        5


Dungeon Overview and Level Annotations

Branches:
Dungeon (2/15)

Altars:

Annotations:
D:2 Crazy Yiuf


Innate Abilities, Weirdness & Mutations

You cannot be hasted, slowed, berserked, paralysed or teleported.
You can dig through walls and to a lower floor.
Your four strong arms can wield two-handed weapons with a shield.
You have a pair of large antennae on your head. (SInv)


Message History

You hit Crazy Yiuf but do no damage.
Crazy Yiuf is heavily wounded.
You feel sick.
Crazy Yiuf screams, "Tonal!
Fire song pontify."
Crazy Yiuf hits you with a +2 quarterstaff of chaos!
You are confused.
You barely miss Crazy Yiuf.
Crazy Yiuf is heavily wounded.
You feel sick. Crazy Yiuf hits you but does no damage.
You thump Crazy Yiuf!
Crazy Yiuf is almost dead.
You feel sick. Crazy Yiuf hits you but does no damage.
You are electrocuted!
You miss Crazy Yiuf.
Crazy Yiuf is almost dead.
Crazy Yiuf hits you with a +2 quarterstaff of chaos!
* * * LOW HITPOINT WARNING * * *
Crazy Yiuf freezes you.
* * * LOW HITPOINT WARNING * * *
You bump into the rock wall.
You die...

#####.........######.#
###########.........######..
#....(...................#..
#.#################......#..
#.# #......#.. #.#
#......... #.##### ###
#........# #...#.## ###..)#
#......#.# #......####@g...#
#......#.. ##......#..##...#
#......#.# ##.#..#.### ###
#......#.# ########
#......#.. #......#..
#########. ##


You could see Crazy Yiuf.

Vanquished Creatures
  An orc priest (D:2)
  Terence (D:2)
  4 adders (D:2)
  A worm (D:2)
  4 leopard geckos
  3 orcs (D:2)
  4 giant cockroaches
  A goblin (D:2)
  2 hobgoblins (D:2)
  3 bats
  5 frilled lizards
  2 kobolds (D:2)
  5 rats
36 creatures vanquished.

Notes
Turn   | Place    | Note
-------+----------+-------------------------------------------
     0 | D:1      | HoaS the Formicid Fighter began the quest for the Orb.
     0 | D:1      | Reached XP level 1. HP: 18/18 MP: 1/1
   283 | D:1      | Reached XP level 2. HP: 22/24 MP: 2/2
   780 | D:2      | Reached XP level 3. HP: 29/29 MP: 3/3
   825 | D:2      | Reached XP level 4. HP: 30/35 MP: 4/4
   861 | D:2      | Noticed Terence
   885 | D:2      | Killed Terence
   962 | D:2      | Reached XP level 5. HP: 41/41 MP: 5/5
  1105 | D:2      | Found a runed translucent door.
  1106 | D:2      | Noticed Crazy Yiuf
  1630 | D:2      | HP: 1/41 [Crazy Yiuf/+2 quarterstaff of chaos (4)]
  1631 | D:2      | Succumbed to Crazy Yiuf's poison

Illustrated notes

Levels and vault maps discovered:
D:1:      dpeg_arrival_another_circle, layout_basic, serial_glass,
          glass_columns_a, glass_columns_b, hex_large
D:2:      layout_basic, minmay_ruptured, uniq_crazy_yiuf_cottage, uniq_terence

Skill      XL: |  1  2  3  4 |
---------------+-------------+-----
Shields        | 4 |  4.8
Staves         | 3 4 |  4.3
Fighting       | |  3.2
Armour         | |  3.2

Action                   |  1- 3 |  4- 6 || total
-------------------------+-------+-------++-------
Melee: Quarterstaff      |    57 |    61 ||   118
  Use: Scroll            |     3 |     5 ||     8
Armor: Scale mail        |    22 |    16 ||    38
Dodge: Dodged            |    17 |    14 ||    31
Block: Kite shield       |    16 |    23 ||    39

Table legend: (Time is in decaauts)
 A = Elapsed time spent in this place.
 B = Non-inter-level travel time spent in this place.
 C = Inter-level travel time spent in this place.
 D = Time resting spent in this place.
 E = Time spent auto-exploring this place.
 F = Levels seen in this place.
 G = Mean time per level.
                   A        B        C        D        E       F      G
               +--------+--------+--------+--------+--------+-----+--------+
         Total |   1654 |   1622 |     32 |      0 |   1307 |   2 |  827.0 |
       Dungeon |   1654 |   1622 |     32 |      0 |   1307 |   2 |  827.0 |
               +--------+--------+--------+--------+--------+-----+--------+

Top non-repeatable levels by time:
     D:2: 903 daAuts
     D:1: 751 daAuts
